 Dungeon Sprint DCSS version 0.26-a0-854-gdc81c2f471 (webtiles) character file.

Game seed: 11960701486641181051

461 Conn the Arsonist (level 7, -10/61 HPs)
             Began as an Octopode Fire Elementalist on Nov 23, 2020.
             Mangled by a wyvern (13 damage)
             ... in the Dungeon (Sprint II: "The Violet Keep of Menkaure").
             The game lasted 00:04:09 (72 turns).

Conn the Arsonist (Octopode Fire Elementalist)        Turns: 72, Time: 00:04:09

Health: -10/61     AC:  1    Str:  7    XL:     7   Next: 7%
Magic:  12/17      EV: 15    Int: 20    God:
Gold:   243        SH:  0    Dex: 12    Spells: 4/20 levels left

rFire    . . .     SeeInvis .     - Unarmed
rCold    . . .     Faith    .   (no shield)
rNeg     . . .     Spirit   .   (helmet restricted)
rPois    .         Reflect  .   (no amulet)
rElec    .         Harm     .   (no ring)
rCorr    .         Rampage  .   (no ring)
MR       .....     NoTele   +   (no ring)
Stlth    ..........             (no ring)
HPRegen  0.20/turn              (no ring)
MPRegen  0.15/turn              (no ring)
                                (no ring)
                                (no ring)

@: berserking, very quick
A: almost no armour, stealthy swim, amphibious, 8 rings, constrict 8, camouflage
1, gelatinous body 1
a: no special abilities


You were in the Dungeon.
You visited 1 branch You collected 243 gold pieces.

Inventory:

Scrolls
 g - a scroll of blinking
Potions
 b - a potion of curing
 e - a potion of magic


   Skills:
 + Level 4.4 Dodging
 + Level 6.0 Stealth
 + Level 1.8 Unarmed Combat
 * Level 7.4 Spellcasting
 * Level 5.9 Conjurations
 + Level 9.5 Fire Magic


You had 4 spell levels left.
You knew the following spells:

 Your Spells              Type           Power        Failure   Level
a - Foxfire               Conj/Fire      ####         1%          1
b - Conjure Flame         Conj/Fire      #####...     1%          3
c - Inner Flame           Hex/Fire       ####....     3%          3
d - Sticky Flame          Conj/Fire      #####...     3%          4
e - Fireball              Conj/Fire      #####.....   11%         5

Your spell library contained the following spells:

 Spells                   Type           Power        Failure   Level


Dungeon Overview and Level Annotations

Branches:
Dungeon (1/1)

Altars:


Innate Abilities, Weirdness & Mutations

You cannot wear most types of armour.
You are very stealthy in the water. (Stealth+)
You are amphibious.
You can wear up to eight rings at the same time.
You can use your tentacles to constrict eight enemies at once.
Your skin changes colour to match your surroundings (Stealth+).
Your rubbery body absorbs attacks. (AC +1, EV +1)


Message History

Your Fire Magic skill increases to level 9!
You have reached level 7!
You bludgeon the wyvern!
The wyvern is moderately wounded.
The wyvern misses you.
You barely miss the wyvern.
The wyvern is moderately wounded.
The wyvern barely misses you.
You barely miss the wyvern.
The wyvern is moderately wounded.
The wyvern bites you.
* * * LOW HITPOINT WARNING * * *
You bludgeon the wyvern!
The wyvern is severely wounded.
The wyvern bites you.
* * * LOW HITPOINT WARNING * * *
You closely miss the wyvern.
The wyvern is severely wounded.
The wyvern bites you!
You die...

###
##.###+#
#...##.##
+.#.@l<.+
#.).##.##
##.###'#
### .#.
.# #. ##
##


You could see a wyvern.

Vanquished Creatures
  A merfolk siren (D)
  A wyvern (D)
2 creatures vanquished.

Vanquished Creatures (others)
  Menkaure (D)
  2 foxfires (D)
3 creatures vanquished.

Grand Total: 5 creatures vanquished

Notes
Turn   | Place    | Note
-------+----------+-------------------------------------------
     0 | D        | Conn the Octopode Fire Elementalist began the quest for the
                  | Orb.
     0 | D        | Reached XP level 1. HP: 11/11 MP: 3/3
     1 | D        | Noticed a merfolk siren
    27 | D        | Killed a merfolk siren
    28 | D        | Reached skill level 5 in Stealth
    28 | D        | Reached skill level 1 in Unarmed Combat
    28 | D        | Reached skill level 5 in Conjurations
    28 | D        | Reached skill level 8 in Fire Magic
    28 | D        | Reached XP level 2. HP: 17/17 MP: 1/9
    28 | D        | Reached XP level 3. HP: 21/21 MP: 1/11
    28 | D        | Reached XP level 4. HP: 27/27 MP: 1/12
    28 | D        | Reached XP level 5. HP: 31/31 MP: 1/14
    28 | D        | Reached XP level 6. HP: 36/36 MP: 1/15
    39 | D        | Learned a level 3 spell: Conjure Flame
    43 | D        | Learned a level 3 spell: Inner Flame
    48 | D        | Learned a level 4 spell: Sticky Flame
    53 | D        | Killed Menkaure
    54 | D        | Learned a level 5 spell: Fireball
    57 | D        | Noticed a wyvern
    57 | D        | Noticed a wyvern
    67 | D        | Killed a wyvern
    68 | D        | Reached skill level 9 in Fire Magic
    68 | D        | Reached XP level 7. HP: 10/41 MP: 12/17
    71 | D        | HP: 3/61 [wyvern (6)]
    72 | D        | Mangled by a wyvern

Illustrated notes

Levels and vault maps discovered:
D:        the_violet_keep_of_menkaure [sprint2_stairs_cluster_1,
          sprint2_shoproom, sprint2_temple, sprint2_basic_supplies,
          sprint2_obstacle_4, sprint2_obstacle_5, sprint2_obstacle_7,
          sprint2_obstacle_2, sprint2_obstacle_1, sprint2_timed_cluster_1,
          sprint2_smallroom_cluster_1, sprint2_smallroom_final_cluster_1,
          sprint2_transparent_cluster_1, sprint2_second_timed_cluster_1,
          sprint2_sniper_area_1, sprint2_heavy_combat_area_1,
          sprint2_mutation_trap_area_1, sprint2_forest_area_1,
          sprint2_light_combat_area_1, sprint2_behind_water_1,
          sprint2_near_end_vault_1]

Skill      XL: |  1  2  3  4  5  6 |
---------------+-------------------+-----
Dodging        | 4 |  4.4
Stealth        | 5 6 |  6.0
Unarmed Combat | 1 |  1.8
Spellcasting   | 6 7 |  7.4
Conjurations   | 5 |  5.9
Fire Magic     | 8 9 |  9.5

Action                   |  1- 3 |  4- 6 |  7- 9 || total
-------------------------+-------+-------+-------++-------
Melee: Unarmed           |    19 |     2 |     5 ||    26
       Tentacles         |     7 |     1 |       ||     8
       Constrict         |     1 |       |       ||     1
 Cast: Foxfire           |     2 |       |       ||     2
       Conjure Flame     |       |     1 |       ||     1
       Sticky Flame      |       |     1 |       ||     1
  Use: Potion            |     1 |     3 |       ||     4
Dodge: Dodged            |     1 |     4 |     2 ||     7

Table legend: (Time is in decaauts)
 A = Elapsed time spent in this place.
 B = Non-inter-level travel time spent in this place.
 C = Inter-level travel time spent in this place.
 D = Time resting spent in this place.
 E = Time spent auto-exploring this place.
 F = Levels seen in this place.
 G = Mean time per level.
                   A        B        C        D        E       F      G
               +--------+--------+--------+--------+--------+-----+--------+
         Total |     51 |     51 |      0 |      0 |      0 |   1 |   51.0 |
       Dungeon |     51 |     51 |      0 |      0 |      0 |   1 |   51.0 |
               +--------+--------+--------+--------+--------+-----+--------+

Top non-repeatable levels by time:
       D: 51 daAuts
